 Dungeon Crawl Stone Soup version 0.26-a0-810-ge1a9524b62 (webtiles) character file.

Game seed: 4262073903591094056

11070 marklar909 the Thaumaturge (level 11, -4/85 HPs)
             Began as a Green Draconian Earth Elementalist on Nov 13, 2020.
             Was a Priest of the Shining One.
             Slain by a six-headed hydra (6 damage)
             ... on level 10 of the Dungeon.
             The game lasted 00:19:31 (15320 turns).

marklar909 the Thaumaturge (DrEE)                  Turns: 15320, Time: 00:19:32

Health: -4/85      AC: 10    Str: 16    XL:     11   Next: 44%
Magic:  23/23      EV: 14    Int: 19    God:    the Shining One [***...]
Gold:   603        SH:  0    Dex: 12    Spells: 12/27 levels left

rFire    + . .     SeeInvis .   v - +3 scimitar (flame)
rCold    + . .     Faith    .   (no shield)
rNeg     + . .     Spirit   .   (armour unavailable)
rPois    +         Reflect  .   (helmet restricted)
rElec    .         Harm     .   n - scarf {rC+ rF+}
rCorr    .         Rampage  .   w - +2 pair of gloves
MR       .....                  (no boots)
Stlth    +++.......             (no amulet)
HPRegen  0.24/turn              m - +6 ring of strength
MPRegen  0.18/turn              B - ring of Shadows {Umbra +Inv Stlth+}

@: no status effects
A: breathe noxious fumes, unfitting armour, poison resistance, cold-blooded, AC
+7
a: Breathe Noxious Fumes, Divine Shield, Renounce Religion, Evoke Invisibility


You were on level 10 of the Dungeon.
You worshipped the Shining One.
The Shining One was most pleased with you.
You visited 1 branch of the dungeon, and saw 10 of its levels.

You collected 706 gold pieces.
You spent 103 gold pieces at shops.

Inventory:

Hand Weapons
 v - a +3 scimitar of flaming (weapon)
Missiles
 b - 101 stones (quivered)
Armour
 n - a scarf of resistance (worn)
 w - a +2 pair of gloves (worn)
 A - a +0 kite shield
Jewellery
 c - an uncursed ring of protection from fire
 j - an uncursed ring of flight {unknown}
 m - a +6 ring of strength (left hand)
 B - the ring of Shadows (right hand) {Umbra +Inv Stlth+}
   (You found it on level 7 of the Dungeon)

   [ring of stealth]

   It lets you turn invisible.
   It makes you more stealthy.
Scrolls
 a - 7 scrolls of identify
 d - a scroll of enchant armour
 f - 3 scrolls of remove curse
 h - 4 scrolls of amnesia
 i - a scroll of fog
 k - 2 scrolls of fear
 q - 3 scrolls of magic mapping
 r - a scroll of blinking
 x - a scroll of brand weapon {unknown}
 y - a scroll of torment {unknown}
Potions
 e - 6 potions of heal wounds
 g - 5 potions of haste
 l - 3 potions of lignification
 o - a potion of attraction
 p - 7 potions of brilliance
 s - 2 potions of degeneration
 t - 2 potions of flight
 u - a potion of might
 z - a potion of mutation
 C - a potion of berserk rage {unknown}


   Skills:
 + Level 4.3 Fighting
 + Level 6.5 Long Blades
 + Level 5.2 Dodging
 + Level 3.7 Stealth
 * Level 6.1 Shields
 + Level 0.2 Unarmed Combat
 + Level 8.5 Spellcasting
 + Level 6.8 Conjurations
 * Level 2.0 Transmutations
 + Level 8.4 Earth Magic


You had 12 spell levels left.
You knew the following spells:

 Your Spells              Type           Power        Failure   Level
a - Sandblast             Erth           #####.       1%          1
b - Stone Arrow           Conj/Erth      #####.       1%          3
c - Petrify               Tmut/Erth      ####....     10%         4
d - Lee's Rapid Deconstr  Erth           #####.....   8%          5
e - Blink                 Tloc           N/A          13%         2

Your spell library contained the following spells:

 Spells                   Type           Power        Failure   Level
 Magic Dart               Conj           ####         1%          1
 Passwall                 Tmut/Erth      ####....     1%          2
 Searing Ray              Conj           ####..       1%          2
 Beastly Appendage        Tmut           ###...       3%          1
 Wereblood                Tmut           ###.....     5%          2
 Conjure Flame            Conj/Fire      ###.....     6%          3
 Dazzling Flash           Conj/Hex       ###...       6%          3
 Mephitic Cloud           Conj/Pois/Air  ###.....     10%         3
 Call Imp                 Summ           #.......     13%         2
 Slow                     Hex            #.......     13%         2
 Spider Form              Tmut/Pois      ##........   17%         3
 Fulminant Prism          Conj/Hex       ###.......   22%         4
 Iskenderun's Mystic Bla  Conj/Tloc      ###.....     22%         4
 Ice Form                 Ice/Tmut       ##......     50%         4
 Blade Hands              Tmut           ###.......   71%         5


Dungeon Overview and Level Annotations

Branches:
Dungeon (10/15)            Temple (0/1) D:5            Lair (0/6) D:9
    Orc (0/2) D:10

Altars:
Cheibriados
Gozag
Makhleb
Okawaru
Qazlal
Ru
Sif Muna
Vehumet
Wu Jian
Xom
Zin
The Shining One

Shops:
D:6 [

Annotations:
D:4 1 runed translucent door, LufLufFighter's ghost, amateur MfTm
D:7 3 runed translucent doors, willcat's ghost, amateur DsGl


Innate Abilities, Weirdness & Mutations

You can breathe blasts of noxious fumes.
Your lurid green scales are hard. (AC +7)
You cannot fit into any form of body armour.
Your system is resistant to poisons. (rPois)
You are cold-blooded and may be slowed by cold attacks.


Message History

Unknown command.
Unknown command.
There is an open door here.
The six-headed hydra bites you! The six-headed hydra bites you.
The six-headed hydra bites you but does no damage.
The six-headed hydra bites you.
* * * LOW HITPOINT WARNING * * *
The six-headed hydra closely misses you.
The six-headed hydra bites you but does no damage.
You see here 2 arrows.
An orc knight comes into view. It is wielding a +3 long sword.
Found a potion of haste.
The six-headed hydra bites you!
* * * LOW HITPOINT WARNING * * *
The six-headed hydra bites you!
* * * LOW HITPOINT WARNING * * *
The six-headed hydra bites you!
* * * LOW HITPOINT WARNING * * *
The six-headed hydra bites you.
You die...

.......#......#.................#
.......########..........##....##
..............#..........##....##
..............#<...###...##....##
..............########...##....#.
.................!...#...#.....#.
##......#.....#......+...#.....#.
.#......##...##D.....# #.....#.
.#......###.###.@....# ##....#.
.###.###. #.##.###...# #....#.
.#.... #o#.#.# ..## #....#.
.#..... #.## ## #....#. .#$...
.⌠. #....'. .#.... ## #....#.
.##... #.# #....## .##..###.#
#...... .>+.....# #....##


You could see a six-headed hydra.

Vanquished Creatures
  Snorg (D:10)
  A hydra (D:9)
  Erica (D:8)
  2 two-headed ogres
  Maggie (D:6)
  2 trolls (D:9)
  5 wyverns
  Edmund (D:6)
  8 water moccasins
  5 orc warriors
  An ice beast (D:7)
  3 phantoms
  A necrophage (D:9)
  4 ogres
  4 sky beasts
  2 black bears (D:9)
  2 wolves (D:9)
  4 centaurs
  4 big kobolds
  3 bullfrogs
  2 gnoll sergeants
  A wyvern skeleton (D:7)
  4 scorpions
  10 wights (D:9)
  5 killer bees (D:7)
  A quasit (D:7)
  7 hounds
  2 jellies
  12 orc wizards
  A gnoll shaman (D:9)
  6 orc priests
  A bullfrog skeleton (D:4)
  A centaur skeleton (D:6)
  An iguana (D:4)
  6 worker ants
  A killer bee zombie (D:6)
  A hound skeleton (D:9)
  2 worker ant zombies (D:6)
  19 gnolls
  10 adders
  A shadow imp (D:5)
  4 white imps
  An ufetubus (D:10)
  An adder zombie (D:9)
  2 worms (D:4)
  A dart slug (D:1)
  4 leopard geckos
  39 orcs
  A ball python (D:1)
  7 bats
  10 goblins
  10 hobgoblins
  21 jackals
  15 kobolds
  4 quokkas
  8 frilled lizards
  A quokka zombie (D:6)
  6 rats
284 creatures vanquished.

Vanquished Creatures (others)
  A fungus (D:9)
  56 plants (D:9)
57 creatures vanquished.

Grand Total: 341 creatures vanquished

Notes
Turn   | Place    | Note
-------+----------+-------------------------------------------
     0 | D:1      | marklar909 the Draconian Earth Elementalist began the quest
                  | for the Orb.
     0 | D:1      | Reached XP level 1. HP: 14/14 MP: 3/3
   419 | D:1      | Reached XP level 2. HP: 19/20 MP: 1/5
  1093 | D:1      | Reached XP level 3. HP: 26/26 MP: 3/6
  2304 | D:3      | Learned a level 3 spell: Stone Arrow
  2346 | D:3      | Reached XP level 4. HP: 33/33 MP: 4/8
  3161 | D:4      | Reached XP level 5. HP: 24/38 MP: 1/10
  3320 | D:4      | Reached skill level 1 in Long Blades
  3416 | D:4      | Reached skill level 1 in Conjurations
  3440 | D:4      | Reached XP level 6. HP: 30/46 MP: 3/11
  4338 | D:3      | Reached skill level 1 in Fighting
  4667 | D:4      | Found a runed translucent door.
  4667 | D:4      | Noticed LufLufFighter's ghost (amateur MfTm)
  5166 | D:3      | Your scales start taking on a lurid green colour.
  5166 | D:3      | Reached XP level 7. HP: 25/52 MP: 6/13
  5166 | D:3      | Gained mutation: Your system is resistant to poisons.
                  | (rPois) [Green Draconian growth]
  5352 | D:4      | Found a radiant altar of Vehumet.
  5357 | D:4      | Found a shimmering altar of Xom.
  5359 | D:4      | Found a glowing golden altar of the Shining One.
  5366 | D:4      | Found a snail-covered altar of Cheibriados.
  5372 | D:4      | Found a shimmering blue altar of Sif Muna.
  5385 | D:4      | Became a worshipper of the Shining One
  5420 | D:5      | Entered Level 5 of the Dungeon
  5694 | D:5      | Reached skill level 5 in Earth Magic
  6102 | D:5      | Reached skill level 5 in Spellcasting
  6352 | D:5      | Found a staircase to the Ecumenical Temple.
  6505 | D:6      | Reached XP level 8. HP: 60/60 MP: 2/15
  6721 | D:6      | Found Tixkoxe's Antique Armour Boutique.
  6725 | D:6      | Bought a pair of gloves for 103 gold pieces
  6844 | D:6      | Found a sacrificial altar of Ru.
  6919 | D:6      | Noticed Edmund
  6943 | D:6      | Killed Edmund
  7316 | D:6      | Reached * piety under the Shining One
  7444 | D:6      | Learned a level 4 spell: Petrify
  7703 | D:6      | Noticed Maggie
  7716 | D:6      | Killed Maggie
  7716 | D:6      | Reached skill level 5 in Conjurations
  7993 | D:6      | Found a burning altar of Makhleb.
  8075 | D:7      | Reached XP level 9. HP: 68/68 MP: 2/18
  8587 | D:7      | Learned a level 5 spell: Lee's Rapid Deconstruction
  8645 | D:7      | Found a glowing silver altar of Zin.
  8646 | D:7      | Found an opulent altar of Gozag.
  8966 | D:7      | Found a runed translucent gate.
  8967 | D:7      | Found a runed translucent gate.
  8967 | D:7      | Identified the cursed +1 whip of Sudden Death {chaos, rN+}
  8967 | D:7      | Noticed willcat's ghost (amateur DsGl)
  8968 | D:7      | Found a runed translucent gate.
  9001 | D:7      | Found the ring of Shadows {Umbra +Inv Stlth+}
  9004 | D:7      | Reached skill level 1 in Shields
  9490 | D:8      | Reached ** piety under the Shining One
  9945 | D:8      | Found an iron altar of Okawaru.
 10003 | D:8      | Noticed Erica
 10016 | D:8      | Killed Erica
 10016 | D:8      | Reached XP level 10. HP: 66/77 MP: 9/20
 10883 | D:9      | Found a staircase to the Lair.
 10907 | D:9      | Reached skill level 5 in Long Blades
 11588 | D:9      | Noticed a two-headed ogre
 11599 | D:9      | Killed a two-headed ogre
 11861 | D:9      | Reached *** piety under the Shining One
 11945 | D:9      | Reached skill level 5 in Shields
 12652 | D:9      | Reached XP level 11. HP: 57/83 MP: 2/23
 13334 | D:9      | Noticed an eight-headed hydra
 13918 | D:9      | Found an ornate altar of the Wu Jian Council.
 13918 | D:9      | Found a stormy altar of Qazlal.
 14055 | D:9      | Killed a four-headed hydra
 14287 | D:10     | Entered Level 10 of the Dungeon
 14334 | D:10     | Learned a level 2 spell: Blink
 14468 | D:10     | Reached skill level 5 in Dodging
 14580 | D:10     | Found a staircase to the Orcish Mines.
 14837 | D:10     | Noticed Snorg
 14874 | D:10     | Killed Snorg
 15023 | D:10     | Noticed a two-headed ogre
 15031 | D:10     | Killed a two-headed ogre
 15263 | D:10     | Noticed a seven-headed hydra
 15307 | D:10     | Noticed an orc knight
 15320 | D:10     | HP: 2/85 [six-headed hydra (12)]
 15320 | D:10     | Slain by a six-headed hydra

Illustrated notes

Levels and vault maps discovered:
D:1:      doesnt_arrival_eight_statues, layout_loops_corners
D:2:      layout_loops_ring, nrook_uturn, uniq_crazy_yiuf_cottage
D:3:      layout_basic
D:4:      minmay_general_purpose_star, layout_basic,
          minmay_overflow_temple_star_hex, gammafunk_ghost_grave
D:5:      layout_cave_pools, temple_statues
D:6:      layout_loops_ring, kennysheep_little_box, lemuel_crystal_altar,
          serial_shops, shop, uniq_maggie, uniq_edmund
D:7:      layout_rooms, grunt_temple_overflow_gold_and_silver,
          gammafunk_ghost_nasty_kobolds
D:8:      layout_gridville, kennysheep_mini, hangedman_decor_growths, uniq_erica
D:9:      kennysheep_housing_project, layout_basic,
          gammafunk_temple_overflow_elements, minmay_lair_entry_grove,
          serial_park_tiny_2
D:10:     layout_gridville, orc_0_dummy, hangedman_glass_teeth, kb_rosetta,
          uniq_snorg

Skill      XL: |  1  2  3  4  5  6  7  8  9 10 11 |
---------------+----------------------------------+-----
Stealth        | 2 3 |  3.7
Spellcasting   | 3 4 5 6 7 8 |  8.5
Dodging        | 2 3 4 5 |  5.2
Earth Magic    | 4 5 6 7 8 |  8.4
Long Blades    | 1 2 3 4 5 6 |  6.5
Conjurations   | 1 2 3 5 6 |  6.8
Fighting       | 1 2 3 4 |  4.3
Shields        | 2 5 6 |  6.1
Transmutations | 2 |  2.0
Unarmed Combat | |  0.2

Action                   |  1- 3 |  4- 6 |  7- 9 | 10-12 || total
-------------------------+-------+-------+-------+-------++-------
Melee: Unarmed           |    11 |       |       |       ||    11
       Long sword        |    22 |    68 |    63 |     8 ||   161
       Tailslap          |     3 |     7 |    11 |    23 ||    44
       Scimitar          |       |       |       |   131 ||   131
 Cast: Sandblast         |    36 |    64 |    39 |    65 ||   204
       Stone Arrow       |       |    26 |    91 |    97 ||   214
 Abil: Breathe Noxious F |       |       |     8 |    14 ||    22
  Use: Scroll            |       |       |    16 |     8 ||    24
 Stab: Sleeping          |     2 |       |       |       ||     2
Armor: Skin              |    30 |    35 |    32 |   101 ||   198
Dodge: Dodged            |    49 |    69 |    94 |   180 ||   392
       Rpst.: Long sword |     9 |    20 |    29 |     5 ||    63
       Scimitar          |       |       |       |    50 ||    50

Table legend: (Time is in decaauts)
 A = Elapsed time spent in this place.
 B = Non-inter-level travel time spent in this place.
 C = Inter-level travel time spent in this place.
 D = Time resting spent in this place.
 E = Time spent auto-exploring this place.
 F = Levels seen in this place.
 G = Mean time per level.
                   A        B        C        D        E       F      G
               +--------+--------+--------+--------+--------+-----+--------+
         Total |  15390 |  14680 |    710 |   2256 |  10297 |  10 | 1539.0 |
       Dungeon |  15390 |  14680 |    710 |   2256 |  10297 |  10 | 1539.0 |
               +--------+--------+--------+--------+--------+-----+--------+

Top non-repeatable levels by time:
     D:9: 3247 daAuts
     D:8: 1729 daAuts
     D:4: 1648 daAuts
     D:3: 1545 daAuts
     D:6: 1338 daAuts
     D:1: 1321 daAuts
     D:7: 1305 daAuts
     D:2: 1172 daAuts
     D:5: 1046 daAuts
    D:10: 1036 daAuts
